 Dungeon Crawl Stone Soup version 0.14-a0-181-gf6fe0c6 (webtiles) character file.

218 Malachi the Vexing (level 4, 0/30 HPs)
             Began as a Vampire Enchanter on Oct 7, 2013.
             Slain by Mandevil's ghost (2 damage)
             ... on Level 3 of the Dungeon.
             The game lasted 00:04:29 (2663 turns).

Malachi the Vexing (Vampire Enchanter)              Turns: 2663, Time: 00:04:30

HP   0/30        AC  0     Str  2      XL: 4   Next: 96%
MP   6/8         EV 22     Int 18      God:
Gold 83          SH  0     Dex 19      Spells:  2 memorised,  2 levels left

Res.Fire  : . . .   See Invis. : +   i - melded +2,+3 orc dagger
Res.Cold  : + + .   Warding    : .   b - melded +1 robe
Life Prot.: + + +   Conserve   : .   (shield currently unavailable)
Res.Poison: +       Res.Corr.  : .   (helmet currently unavailable)
Res.Elec. : .       Clarity    : .   (cloak currently unavailable)
Sust.Abil.: . .     Spirit.Shd : .   (gloves currently unavailable)
Res.Mut.  : .       Stasis     : .   (boots currently unavailable)
Res.Rott. : +       Flight     : +   (no amulet)
Saprovore : . . .                    (ring currently unavailable)
                                     (ring currently unavailable)

@: bat-form, non-regenerating, flying, very quick, slightly resistant to hostile
enchantments, quite stealthy
A: (fangs 0), see invisible, (unbreathing)
a: End Transformation


You were on level 3 of the Dungeon.
You were bloodless.
You were in vampire bat-form.
You visited 1 branch of the dungeon, and saw 3 of its levels.

You collected 63 gold pieces.

Inventory:

Hand weapons
 g - a +3,+1 elven dagger
 h - a +0,+0 elven short sword
 i - a +2,+3 orcish dagger (melded)
Missiles
 d - 12 darts (quivered)
Armour
 b - a +1 robe (melded)
Scrolls
 a - 2 scrolls of remove curse {unknown}
 f - 2 scrolls of identify {unknown}
 k - a scroll of curse jewellery {unknown}
 n - 2 scrolls of enchant armour {unknown}
 o - a scroll of teleportation {unknown}
Jewellery
 j - an uncursed ring of protection from fire {unknown}
Potions
 l - a potion of heal wounds {unknown}
 m - 2 potions of resistance {unknown}
 p - a potion of magic {unknown}
 q - a potion of agility {unknown}
 r - a potion of berserk rage {unknown}
Books
 c - a book of Maledictions

   Spells                             Type                      Level
   *Corona                            Hexes                        1
   Sure Blade                         Hexes/Charms                 2
   *Ensorcelled Hibernation           Hexes/Ice                    2
   Confuse                            Hexes                        3
   Enslavement                        Hexes                        4
   Invisibility                       Hexes                        6


   Skills:
 + Level 0.3 Fighting
 + Level 1.7 Short Blades
 + Level 0.7 Throwing
 + Level 3.6 Dodging
 + Level 4.2 Stealth
 - Level 1.0 Spellcasting
 * Level 6.3 Hexes


You had 2 spell levels left.
You knew the following spells:

 Your Spells              Type           Power        Failure   Level  Hunger
a - Corona                Hex            ###....      6%          1    ##.....
b - Ensorcelled Hibernat  Hex/Ice        ##....       28%         2    ###....


Dungeon Overview and Level Annotations

Branches:
Dungeon (3/27)

Altars:
Cheibriados
Elyvilon
Nemelex Xobeh
Trog
Yredelemnul

Annotations:
D:3 Mandevil's ghost, average TrWn


Innate Abilities, Weirdness & Mutations

You do not heal naturally.
((You have razor-sharp teeth.))*
You have supernaturally acute eyesight.
((You can survive without breathing.))*


Message History

Mandevil's ghost (average Troll Wanderer) comes into view.
Mandevil's ghost is nearby!
You can't go up here!
Unknown command.
Okay, then.
Press: ? - help, v - describe, . - travel The floor.
Mandevil's ghost barely misses you.
You hit Mandevil's ghost but do no damage.
Mandevil's ghost says, "I break bones and crack skulls... with my bare hands."
Mandevil's ghost hits you!
You hit Mandevil's ghost but do no damage.
Mandevil's ghost hits you!
Ouch! That really hurt!
* * * LOW HITPOINT WARNING * * *
Use which ability? (? or * to list)
You turn into a vampire bat.
Your +2,+3 orcish dagger melds into your body.
Your +1 robe melds into your body.
Mandevil's ghost hits you.
You die...

##### .....####
.........#
.......##.#
........##.# ..
........##.# ..# .
........##.#####..#
#.
#..................#
#..
#####.pb..........#
#.. ##.#..........#
#.. #.#..........##
#..
#.#..........##.#..
#.#..........##....
#.#.........#####..
#.##...............
#.##........#####..
.#.............#..


You could see Mandevil's ghost.

Vanquished Creatures
  Ijyb (D:3)
  Terence (D:3)
  5 adders
  An inept item mimic (D:2)
  An inept feature mimic (D:2)
  A giant gecko (D:2)
  A ball python (D:1)
  2 bats (D:1)
  A giant cockroach (D:3)
  8 goblins
  7 hobgoblins
  2 jackals (D:1)
  2 giant newts
  8 kobolds
  4 rats
45 creatures vanquished.

Vanquished Creatures (others)
  A ball python (D:1)
  A bat (D:1)
2 creatures vanquished.

Grand Total: 47 creatures vanquished

Notes
Turn   | Place    | Note
--------------------------------------------------------------
     0 | D:1      | Malachi, the Vampire Enchanter, began the quest for the Orb.
     0 | D:1      | Reached XP level 1. HP: 13/13 MP: 4/4
   139 | D:1      | Reached skill level 5 in Hexes
   188 | D:1      | Reached XP level 2. HP: 16/19 MP: 5/5
   195 | D:1      | Learned a level 2 spell: Ensorcelled Hibernation
   853 | D:2      | Found a basalt altar of Yredelemnul.
   862 | D:2      | Reached XP level 3. HP: 13/24 MP: 6/6
  1376 | D:2      | Found a bloodstained altar of Trog.
  1409 | D:2      | Reached skill level 6 in Hexes
  1839 | D:2      | Reached XP level 4. HP: 17/30 MP: 8/8
  2278 | D:2      | Found a snail-covered altar of Cheibriados.
  2280 | D:2      | Found a white marble altar of Elyvilon.
  2283 | D:2      | Found a sparkling altar of Nemelex Xobeh.
  2423 | D:3      | Noticed Terence
  2433 | D:3      | Killed Terence
  2480 | D:3      | Noticed Ijyb
  2503 | D:3      | Killed Ijyb
  2654 | D:3      | Noticed Mandevil's ghost (average TrWn)
  2663 | D:3      | Slain by Mandevil's ghost

Action                   |  1- 3 |  4- 6 || total
-------------------------+-------+-------++-------
Melee: Dagger            |   132 |    49 ||   181
 Cast: Ensorcelled Hiber |       |     5 ||     5
 Abil: Bat Form          |       |     1 ||     1
 Stab: Sleeping          |     5 |     4 ||     9
